 Dungeon Crawl Stone Soup version 0.19-a0-45-g2c295ea (webtiles) character file.

51 ololoev the Skirmisher (level 3, -1/33 HPs)
             Began as a Hill Orc Fighter on May 5, 2016.
             Slain by a goblin (5 damage)
             ... led by Robin
             ... on level 2 of the Dungeon.
             The game lasted 00:01:37 (1033 turns).

ololoev the Skirmisher (Hill Orc Fighter)           Turns: 1033, Time: 00:01:37

Health: -1/33      AC:  7    Str: 21 (24) XL:     3   Next: 83%
Magic:  3/3        EV:  9    Int:  7 (8)  God:
Gold:   81         SH:  0    Dex:  8 (10) Spells: 0 memorised, 2 levels left

rFire  . . .     SeeInvis .     a - +0 war axe
rCold  . . .     Gourm    .     b - +0 scale mail
rNeg   . . .     Faith    .     (no shield)
rPois  .         Spirit   .     (no helmet)
rElec  .         Dismiss  .     (no cloak)
rCorr  .         Reflect  .     (no gloves)
SustAt .         Harm     .     (no boots)
MR     .....                    (no amulet)
Stlth  ..........               (no ring)
                                (no ring)

@: mighty, flying, not resistant to hostile enchantments, extremely unstealthy
A: no striking features
a: no special abilities

Inventory:

Hand Weapons
 a - a +0 war axe (weapon)
Armour
 b - a +0 scale mail (worn)
Scrolls
 g - 3 scrolls of identify {unknown}
 h - a scroll of remove curse {unknown}
Comestibles
 c - a beef jerky
 f - 2 bread rations


   Skills:
 + Level 4.2 Fighting
 * Level 4.0 Axes
 + Level 3.9 Armour
   Level 3.2 Shields


You had 2 spell levels left.
You didn't know any spells.


You were on level 2 of the Dungeon.
You were hungry.

You visited 1 branch of the dungeon, and saw 2 of its levels.

You collected 81 gold pieces.

..... #......#.#.#
..... #..#.#.#.#..
......#..#.#.#.###
......#..#...#.#
....gS))).....>#
#.)....###
#g####.# #gSg.#.#
####@#.# #@#.#
#.#.# #.#.# #!#.#
#.# #.# #.#

Notes
Turn   | Place    | Note
--------------------------------------------------------------
     0 | D:1      | ololoev the Hill Orc Fighter began the quest for the Orb.
     0 | D:1      | Reached XP level 1. HP: 19/19 MP: 1/1
   271 | D:1      | Reached XP level 2. HP: 27/27 MP: 2/2
   621 | D:1      | Reached XP level 3. HP: 33/33 MP: 3/3
  1009 | D:2      | Noticed Robin
  1029 | D:2      | Noticed Jessica
  1033 | D:2      | Slain by a goblin

Dungeon Overview and Level Annotations

Branches:
Dungeon (2/15)

Altars:

Annotations:
D:2 Jessica, Robin


Message History

The hobgoblin is moderately wounded.
The hobgoblin hits you but does no damage.
The goblin barely misses you.
The hobgoblin hits you but does no damage.
Unknown command.
You barely miss the hobgoblin.
Your scale mail prevents you from hitting the hobgoblin.
The hobgoblin is moderately wounded.
You closely miss the goblin. The goblin hits you. The hobgoblin hits you.
The hobgoblin hits you but does no damage.
The goblin closely misses you.
Unknown command.
Unknown command.
You closely miss the hobgoblin. You hit the hobgoblin.
You kill the hobgoblin!
You closely miss the goblin. The hobgoblin hits you.
Robin throws the goblin at you!
The goblin hits you but does no damage. x2
The hobgoblin completely misses you.
Unknown command.
Unknown command.
You slice the goblin!!
You kill the goblin!
You barely miss the hobgoblin. You closely miss the goblin.
The goblin hits you but does no damage. Robin throws the goblin at you!
The goblin hits you but does no damage.
Unknown command.
Unknown command.
You closely miss the goblin. You slash the goblin!
You kill the goblin!
You closely miss the goblin. You slash the hobgoblin!
You kill the hobgoblin!
The goblin completely misses you.
Unknown command.
Unknown command.
You barely miss the hobgoblin. You closely miss the goblin. You hit the goblin.
The goblin is severely wounded.
The goblin no longer looks unusually strong.
The hobgoblin no longer looks unusually strong.
The goblin hits you. The goblin barely misses you.
The hobgoblin closely misses you.
Unknown command.
Unknown command.
You closely miss the hobgoblin. You barely miss the goblin.
The goblin is severely wounded.
You slash the goblin!
You kill the goblin!
Robin roars a battlecry!
The goblins go into a battle-frenzy!
The goblin misses you. The hobgoblin hits you with a club.
The goblin completely misses you.
Unknown command.
You closely miss the hobgoblin. You closely miss the goblin.
The goblin is severely wounded.
The hobgoblin hits you but does no damage.
The goblin closely misses you.
The hobgoblin hits you but does no damage.
Unknown command.
Unknown command.
You barely miss the hobgoblin. You miss the goblin.
The goblin is severely wounded.
The goblin barely misses you. The hobgoblin hits you with a club.
Unknown command.
Unknown command.
You are feeling hungry.
Jessica the Apprentice Sorceress comes into view.
She is wielding a club.
Jessica shouts!
Found a sapphire potion.
Drink which item? (? for menu, Esc to quit)
It was a potion of flight.
You feel very buoyant.
You fly up into the air.
The goblin barely misses you.
Drink which item? (? for menu, Esc to quit)
It was a potion of degeneration.
There was something very wrong with that liquid.
You feel weakened.
You feel dopey.
You feel clumsy. The goblin closely misses you.
You closely miss Jessica. You closely miss the goblin.
The goblin is severely wounded.
Jessica hits you but does no damage. The goblin hits you. x2
You die...

You could see Robin, an adder, Jessica, a hobgoblin and a goblin.

Vanquished Creatures
  A gnoll (D:1)
  An ooze (D:1)
  A dart slug (D:1)
  A giant gecko (D:1)
  2 giant cockroaches (D:1)
  11 goblins
  7 hobgoblins
  A kobold (D:1)
  A ball python (D:1)
  3 bats (D:1)
  A rat (D:1)
30 creatures vanquished.

Action                   || total
-------------------------++-------
Melee: War axe           ||    73
  Use: Potion            ||     3
Armor: Scale mail        ||    55
Dodge: Dodged            ||    47

Vault maps used:
D:1:      mrwooster_arrival_statue_3, serial_bayou_crossing
D:2:      first_bread, uniq_natasha, uniq_jessica, uniq_robin
